| Goals | Penalties |
1. Senators , Gustav Nyquist 5 (Evgeni Malkin 13, Calvin de Haan 4) at 5:02
|
Timo Meier (NJD) for Roughing (Minor) at 12:30
|
2. Devils , William Karlsson 3 (Mattias Ekholm 11, Mike Hoffman 4) at 15:19
3. Senators , Oskar Lindblom 2 (Stefan Noesen 3, J.T. Compher 9) at 15:38
|
Mark Kastelic (NJD) for High sticking (Minor) at 8:27
|
4. Devils , William Karlsson 4 (Mattias Ekholm 12) at 1:49 (PP)
5. Senators , J.T. Compher 8 (Oskar Lindblom 6) at 3:29
6. Senators , Ryan Strome 8 (Brent Burns 13, Mark Stone 10) at 10:07
|
Calvin de Haan (OTT) for High sticking (Minor) at 0:22 Timo Meier (NJD) for Hooking (Minor) at 3:31 Justin Faulk (OTT) for Roughing (Double Minor) at 9:52 Timo Meier (NJD) for Tripping (Minor) at 9:52 Timo Meier (NJD) for High sticking (Minor) at 17:41
|
|
Robin Lehner (NJD), 35 saves from 39 shots - (0.897), L, 2-2-0, 60:00 minutes
Anton Forsberg (OTT), 31 saves from 33 shots - (0.939), W, 10-4-0, 60:00 minutes
|
|
1 - Oskar Lindblom (OTT)
2 - J.T. Compher (OTT)
3 - Gustav Nyquist (OTT)
|
Referees : Brandon Blandina and Kyle Rehman
Linesman : Ryan Galloway and Ryan Gibbons
|
|
Brandon Sutter is injured at 1:11 of 2nd period (Bruised Left Leg)
|
|
Level 1 -- Attendance: 5877 (97.95%) -- Ticket Income $1,016,721
Level 2 -- Attendance: 5000 (100.00%) -- Ticket Income $625,000
Level 3 -- Attendance: 3436 (85.90%) -- Ticket Income $343,600
Level 4 -- Attendance: 3000 (100.00%) -- Ticket Income $195,000
Luxury Box -- Attendance: 939 (93.90%) -- Ticket Income $239,445
Game was played at the Scotiabank Place.
Total Attendance: 18252 (96.06%)
Total Ticket Income: $2,419,766
Total Income: $2,419,766
|
| Team Name |
Goals |
Shots |
Shots Attemp |
Shots Blocked |
PIM |
HIT |
PP |
PK |
FO% |
| Devils |
2 | 33 | 62 | 10 | 10 | 17 | 1 / 2 (50%) | 0 | 53% |
| Senators |
4 | 39 | 76 | 5 | 6 | 24 | 0 / 4 (0%) | 1 | 47% |
Devils
Senators
Devils
| 5 vs 5 Forward |
|---|
| Line # | Left Wing | Center | Right Wing | PHY | DF | OF | Wanted % | Time % | Time Play |
| 1 | Timo Meier | William Karlsson | Mike Hoffman | 1 | 2 | 2 | 35 | 30% | 14:10
|
| 2 | Matt Boldy | Brandon Sutter | Kirby Dach | 1 | 2 | 2 | 32 | 30% | 14:10
|
| 3 | Nate Thompson | Jonathan Toews | Patric Hornqvist | 1 | 2 | 2 | 23 | 23% | 10:49
|
| 4 | Nick Ritchie | Mark Kastelic | Jimmy Vesey | 1 | 2 | 2 | 10 | 16% | 7:29
|
| 5 vs 5 Defense |
|---|
| Line # | Defense | Defense | | PHY | DF | OF | Wanted % | Time % | Time Play |
| 1 | Adam Larsson | Mattias Ekholm | | 1 | 2 | 2 | 40 | 39% | 18:03
|
| 2 | Mark Friedman | Chris Tanev | | 1 | 2 | 2 | 30 | 30% | 14:10
|
| 3 | Niko Mikkola | Matt Irwin | | 1 | 2 | 2 | 20 | 26% | 12:07
|
| 4 | Chris Tanev | Mattias Ekholm | | 1 | 2 | 2 | 10 | 5% | 2:18
|
| Power Play Forward |
|---|
| Line # | Left Wing | Center | Right Wing | PHY | DF | OF | Wanted % | Time % | Time Play |
| 1 | Timo Meier | William Karlsson | Mike Hoffman | 1 | 2 | 2 | 60 | 49% | 1:41
|
| 2 | Jimmy Vesey | Jonathan Toews | Patric Hornqvist | 1 | 2 | 2 | 40 | 51% | 1:46
|
| Power Play Defense |
|---|
| Line # | Defense | Defense | | PHY | DF | OF | Wanted % | Time % | Time Play |
| 1 | Chris Tanev | Mattias Ekholm | | 1 | 2 | 2 | 60 | 43% | 1:29
|
| 2 | Adam Larsson | Niko Mikkola | | 1 | 2 | 2 | 40 | 57% | 1:58
|
| Penalty Kill 4 Players Forward |
|---|
| Line # | Center | Wing | PHY | DF | OF | Wanted % | Time % | Time Play |
| 1 | Brandon Sutter | Jimmy Vesey | 1 | 2 | 2 | 60 | 88% | 6:57
|
| 2 | Jonathan Toews | Kirby Dach | 1 | 2 | 2 | 40 | 12% | 0:59
|
| Penalty Kill 4 Players Defense |
|---|
| Line # | Defense | Defense | PHY | DF | OF | Wanted % | Time % | Time Play |
| 1 | Chris Tanev | Mattias Ekholm | 1 | 2 | 2 | 60 | 58% | 4:34
|
| 2 | Adam Larsson | Niko Mikkola | 1 | 2 | 2 | 40 | 42% | 3:22
|
| Penalty Kill 3 Players |
|---|
| Line # | Wing | PHY | DF | OF | Wanted % | Time % | Time Play | Defense | Defense | PHY | DF | OF | Wanted % | Time % | Time Play |
| 1 | Brandon Sutter | 1 | 2 | 2 | 60 | 0% | 0:00
| Chris Tanev | Mattias Ekholm | 1 | 2 | 2 | 60 | 0% | 0:00
|
| 2 | Jonathan Toews | 1 | 2 | 2 | 40 | 0% | 0:00
| Adam Larsson | Niko Mikkola | 1 | 2 | 2 | 40 | 0% | 0:00
|
| 4 vs 4 Forward |
|---|
| Line # | Center | Wing | PHY | DF | OF | Wanted % | Time % | Time Play |
| 1 | Brandon Sutter | William Karlsson | 1 | 2 | 2 | 60 | 100% | 1:59
|
| 2 | Jonathan Toews | Mike Hoffman | 1 | 2 | 2 | 40 | 0% | 0:00
|
| 4 vs 4 Defense |
|---|
| Line # | Defense | | PHY | DF | OF | Wanted % | Time % | Time Play |
| 1 | Chris Tanev | Mattias Ekholm | 1 | 2 | 2 | 60 | 52% | 60% - 1:02
|
| 2 | Adam Larsson | Mark Friedman | 1 | 2 | 2 | 40 | 48% | 40% - 0:57
|
| Last Minutes Offensive |
|---|
| Left Wing | Center | Right Wing | Defense | Defense |
| Timo Meier | William Karlsson | Mike Hoffman | Adam Larsson | Mattias Ekholm |
| Last Minutes Defensive |
|---|
| Left Wing | Center | Right Wing | Defense | Defense |
| Nate Thompson | Brandon Sutter | Jimmy Vesey | Adam Larsson | Chris Tanev |
| Time |
|---|
| Total Forward | Total Defense | Last Minutes Offensive | Last Minutes Defensive |
| 60:00 |
60:00 |
0:00 | 0:00 |
| Extra Forwards |
|---|
| Normal | PowerPlay | Penalty Kill |
|
Timo Meier, Brandon Sutter, Matt Boldy | Kirby Dach, Matt Boldy | Matt Boldy |
| Extra Defensemen |
|---|
| Normal | PowerPlay | Penalty Kill |
|
Niko Mikkola, Matt Irwin, Adam Larsson | Niko Mikkola, Matt Irwin | Adam Larsson |
| Penalty Shots |
|---|
|
Timo Meier, William Karlsson, Jonathan Toews, Mike Hoffman, Patric Hornqvist |
| Goalie |
|---|
| Robin Lehner, Thomas Greiss |
| Custom OT Lines Forwards |
|---|
|
Timo Meier, William Karlsson, Jonathan Toews, Mike Hoffman, Patric Hornqvist, Brandon Sutter, Jimmy Vesey, Matt Boldy, Kirby Dach, Nick Ritchie |
| Custom OT Lines Defensemen |
|---|
|
Chris Tanev, Mattias Ekholm, Adam Larsson, Niko Mikkola, Mark Friedman |
| Scratches |
|---|
|
Radim Zohorna (Healthy), Darnell Nurse (Suspend), Joe Snively (Healthy), Mads Sogaard (Healthy) |
Senators
| 5 vs 5 Forward |
|---|
| Line # | Left Wing | Center | Right Wing | PHY | DF | OF | Wanted % | Time % | Time Play |
| 1 | Anthony Beauvillier | Evgeni Malkin | Gustav Nyquist | 0 | 1 | 4 | 30 | 31% | 14:23
|
| 2 | Michael Bunting | Ryan Strome | Mark Stone | 0 | 1 | 4 | 30 | 30% | 13:57
|
| 3 | Oskar Lindblom | J.T. Compher | Stefan Noesen | 0 | 3 | 2 | 25 | 23% | 10:39
|
| 4 | Martin Frk | Devin Shore | Nathan Bastian | 1 | 2 | 2 | 15 | 16% | 7:39
|
| 5 vs 5 Defense |
|---|
| Line # | Defense | Defense | | PHY | DF | OF | Wanted % | Time % | Time Play |
| 1 | Justin Faulk | Brent Burns | | 0 | 3 | 2 | 40 | 37% | 17:12
|
| 2 | Calvin de Haan | Andrew Peeke | | 0 | 4 | 1 | 35 | 38% | 17:32
|
| 3 | Christian Wolanin | Patrik Nemeth | | 0 | 4 | 1 | 25 | 24% | 11:10
|
| 4 | Christian Wolanin | Patrik Nemeth | | 0 | 4 | 1 | 0 | 2% | 0:44
|
| Power Play Forward |
|---|
| Line # | Left Wing | Center | Right Wing | PHY | DF | OF | Wanted % | Time % | Time Play |
| 1 | Anthony Beauvillier | Evgeni Malkin | Gustav Nyquist | 0 | 0 | 5 | 50 | 50% | 3:59
|
| 2 | Michael Bunting | Ryan Strome | Mark Stone | 0 | 0 | 5 | 50 | 50% | 3:57
|
| Power Play Defense |
|---|
| Line # | Defense | Defense | | PHY | DF | OF | Wanted % | Time % | Time Play |
| 1 | Justin Faulk | Brent Burns | | 0 | 0 | 5 | 60 | 55% | 4:21
|
| 2 | Christian Wolanin | J.T. Compher | | 0 | 1 | 4 | 40 | 45% | 3:35
|
| Penalty Kill 4 Players Forward |
|---|
| Line # | Center | Wing | PHY | DF | OF | Wanted % | Time % | Time Play |
| 1 | J.T. Compher | Gustav Nyquist | 0 | 5 | 0 | 50 | 47% | 1:37
|
| 2 | Ryan Strome | Mark Stone | 0 | 5 | 0 | 50 | 53% | 1:50
|
| Penalty Kill 4 Players Defense |
|---|
| Line # | Defense | Defense | PHY | DF | OF | Wanted % | Time % | Time Play |
| 1 | Brent Burns | Patrik Nemeth | 0 | 5 | 0 | 50 | 50% | 1:44
|
| 2 | Calvin de Haan | Andrew Peeke | 0 | 5 | 0 | 50 | 50% | 1:43
|
| Penalty Kill 3 Players |
|---|
| Line # | Wing | PHY | DF | OF | Wanted % | Time % | Time Play | Defense | Defense | PHY | DF | OF | Wanted % | Time % | Time Play |
| 1 | J.T. Compher | 0 | 5 | 0 | 50 | 0% | 0:00
| Brent Burns | Patrik Nemeth | 0 | 5 | 0 | 50 | 0% | 0:00
|
| 2 | Ryan Strome | 0 | 5 | 0 | 50 | 0% | 0:00
| Calvin de Haan | Andrew Peeke | 0 | 5 | 0 | 50 | 0% | 0:00
|
| 4 vs 4 Forward |
|---|
| Line # | Center | Wing | PHY | DF | OF | Wanted % | Time % | Time Play |
| 1 | Evgeni Malkin | Anthony Beauvillier | 0 | 2 | 3 | 50 | 50% | 1:00
|
| 2 | Ryan Strome | Mark Stone | 0 | 2 | 3 | 50 | 50% | 0:59
|
| 4 vs 4 Defense |
|---|
| Line # | Defense | | PHY | DF | OF | Wanted % | Time % | Time Play |
| 1 | Justin Faulk | Brent Burns | 0 | 3 | 2 | 50 | 95% | 50% - 1:53
|
| 2 | Calvin de Haan | Andrew Peeke | 0 | 4 | 1 | 50 | 5% | 50% - 0:06
|
| Last Minutes Offensive |
|---|
| Left Wing | Center | Right Wing | Defense | Defense |
| Michael Bunting | Evgeni Malkin | Mark Stone | Justin Faulk | Brent Burns |
| Last Minutes Defensive |
|---|
| Left Wing | Center | Right Wing | Defense | Defense |
| Gustav Nyquist | J.T. Compher | Mark Stone | Brent Burns | Andrew Peeke |
| Time |
|---|
| Total Forward | Total Defense | Last Minutes Offensive | Last Minutes Defensive |
| 60:00 |
60:00 |
0:00 | 0:00 |
| Extra Forwards |
|---|
| Normal | PowerPlay | Penalty Kill |
|
Evgeni Malkin, Ryan Strome, Gustav Nyquist | Martin Frk, Stefan Noesen | Oskar Lindblom |
| Extra Defensemen |
|---|
| Normal | PowerPlay | Penalty Kill |
|
Justin Faulk, Andrew Peeke, Brent Burns | Justin Faulk, Justin Faulk | Christian Wolanin |
| Penalty Shots |
|---|
|
Michael Bunting, Evgeni Malkin, Ryan Strome, Mark Stone, J.T. Compher |
| Goalie |
|---|
| Anton Forsberg, Martin Jones |
| Custom OT Lines Forwards |
|---|
|
Evgeni Malkin, Mark Stone, Ryan Strome, Michael Bunting, J.T. Compher, Stefan Noesen, Gustav Nyquist, Anthony Beauvillier, Martin Frk, Oskar Lindblom |
| Custom OT Lines Defensemen |
|---|
|
Justin Faulk, Brent Burns, Calvin de Haan, Christian Wolanin, Andrew Peeke |
| Scratches |
|---|
|
Sam Carrick (Healthy) |
Play-by-Play
1st period
0:01 of 1st period - Evgeni Malkin wins face-off versus William Karlsson in neutral zone.
0:35 of 1st period - Mattias Ekholm is hit by Gustav Nyquist and loses puck.
1:32 of 1st period - Shot by Ryan Strome.
1:32 of 1st period - Deflect By Michael Bunting.
1:32 of 1st period - Stopped by Robin Lehner without a rebound.
1:33 of 1st period - J.T. Compher wins face-off versus Jonathan Toews in Devils zone.
1:38 of 1st period - Shot by Stefan Noesen.
1:38 of 1st period - Shot Misses the Net.
1:58 of 1st period - Shot by Nate Thompson.
1:58 of 1st period - Shot Misses the Net.
2:00 of 1st period - Shot by Niko Mikkola.
2:00 of 1st period - Stopped by Anton Forsberg with a rebound.
2:02 of 1st period - Shot by Matt Irwin.
2:02 of 1st period - Deflect By Jonathan Toews.
2:02 of 1st period - Stopped by Anton Forsberg without a rebound.
2:03 of 1st period - Mark Kastelic wins face-off versus Devin Shore in Senators zone.
2:24 of 1st period - Martin Frk is hit by Nick Ritchie and loses puck.
2:43 of 1st period - Mattias Ekholm is hit by Nathan Bastian and loses puck.
2:54 of 1st period - Brent Burns is hit by Mark Kastelic and loses puck.
3:49 of 1st period - Icing by Christian Wolanin.
3:50 of 1st period - Brandon Sutter wins face-off versus Oskar Lindblom in Senators zone.
4:10 of 1st period - Shot by Stefan Noesen.
4:10 of 1st period - Stopped by Robin Lehner with a rebound.
5:02 of 1st period - Shot by Gustav Nyquist.
5:02 of 1st period - Goal by Gustav Nyquist - Devils : 0 - Senators : 1.
5:03 of 1st period - William Karlsson wins face-off versus Ryan Strome in neutral zone.
5:54 of 1st period - Shot by Patric Hornqvist.
5:54 of 1st period - Stopped by Anton Forsberg without a rebound.
5:55 of 1st period - Jonathan Toews wins face-off versus Evgeni Malkin in Senators zone.
6:21 of 1st period - Jonathan Toews is hit by Anthony Beauvillier and loses puck.
6:34 of 1st period - Shot by Evgeni Malkin.
6:34 of 1st period - Deflect By Gustav Nyquist.
6:34 of 1st period - Stopped by Robin Lehner with a rebound.
6:52 of 1st period - Nate Thompson is hit by Nathan Bastian and loses puck.
6:56 of 1st period - Adam Larsson is hit by Nathan Bastian and loses puck.
7:20 of 1st period - Brandon Sutter is hit by Christian Wolanin.
7:40 of 1st period - Shot by Brandon Sutter.
7:40 of 1st period - Stopped by Anton Forsberg without a rebound.
7:41 of 1st period - J.T. Compher wins face-off versus William Karlsson in Senators zone.
7:41 of 1st period - Justin Faulk is hit by Timo Meier and loses puck.
7:51 of 1st period - J.T. Compher is hit by Matt Irwin and loses puck.
8:20 of 1st period - Shot by Oskar Lindblom.
8:20 of 1st period - Shot Misses the Net.
8:42 of 1st period - Off-side.
8:43 of 1st period - Ryan Strome wins face-off versus Brandon Sutter in neutral zone.
8:50 of 1st period - Shot by Kirby Dach.
8:50 of 1st period - Deflect By Matt Boldy.
8:50 of 1st period - Stopped by Anton Forsberg with a rebound.
9:15 of 1st period - Shot by Kirby Dach.
9:15 of 1st period - Shot Misses the Net.
9:17 of 1st period - Shot by Kirby Dach.
9:17 of 1st period - Deflect By Matt Boldy.
9:17 of 1st period - Stopped by Anton Forsberg without a rebound.
9:18 of 1st period - Jonathan Toews wins face-off versus Evgeni Malkin in Senators zone.
10:30 of 1st period - Icing by Niko Mikkola.
10:31 of 1st period - Ryan Strome wins face-off versus William Karlsson in Devils zone.
10:31 of 1st period - Ryan Strome is hit by Niko Mikkola.
10:42 of 1st period - Michael Bunting is hit by Matt Irwin and loses puck.
10:51 of 1st period - Shot by Ryan Strome.
10:51 of 1st period - Deflect By Mark Stone.
10:51 of 1st period - Stopped by Robin Lehner without a rebound.
10:52 of 1st period - Brandon Sutter wins face-off versus Devin Shore in Devils zone.
10:52 of 1st period - Chris Tanev is hit by Nathan Bastian and loses puck.
11:44 of 1st period - Icing by Nathan Bastian.
11:45 of 1st period - William Karlsson wins face-off versus Devin Shore in Senators zone.
11:46 of 1st period - Shot by Timo Meier.
11:46 of 1st period - Shot Blocked by Brent Burns.
12:17 of 1st period - Shot by Timo Meier.
12:17 of 1st period - Deflect By Mike Hoffman.
12:17 of 1st period - Shot Misses the Net.
12:29 of 1st period - Martin Frk is hit by Timo Meier and loses puck.
12:30 of 1st period - Minor Penalty to Timo Meier for Roughing.
12:31 of 1st period - Anthony Beauvillier wins face-off versus Brandon Sutter in Devils zone.
12:32 of 1st period - Shot by Gustav Nyquist.
12:32 of 1st period - Stopped by Robin Lehner without a rebound.
12:33 of 1st period - Brandon Sutter wins face-off versus Ryan Strome in Devils zone.
12:56 of 1st period - Shot by J.T. Compher.
12:56 of 1st period - Stopped by Robin Lehner without a rebound.
12:57 of 1st period - Evgeni Malkin wins face-off versus Brandon Sutter in Devils zone.
13:16 of 1st period - Shot by Evgeni Malkin.
13:16 of 1st period - Stopped by Robin Lehner without a rebound.
13:17 of 1st period - Jonathan Toews wins face-off versus Ryan Strome in Devils zone.
15:23 of 1st period - Shot by Nate Thompson.
15:23 of 1st period - Deflect By Jonathan Toews.
15:23 of 1st period - Shot Misses the Net.
15:25 of 1st period - Shot by Matt Irwin.
15:25 of 1st period - Stopped by Anton Forsberg without a rebound.
15:26 of 1st period - Jonathan Toews wins face-off versus Devin Shore in Senators zone.
15:31 of 1st period - Shot by Jonathan Toews.
15:31 of 1st period - Deflect By Patric Hornqvist.
15:31 of 1st period - Stopped by Anton Forsberg with a rebound.
16:54 of 1st period - Niko Mikkola is hit by Evgeni Malkin and loses puck.
16:59 of 1st period - Shot by Evgeni Malkin.
16:59 of 1st period - Deflect By Anthony Beauvillier.
16:59 of 1st period - Shot Blocked by Niko Mikkola.
18:26 of 1st period - Icing by Adam Larsson.
18:27 of 1st period - Ryan Strome wins face-off versus William Karlsson in Devils zone.
18:38 of 1st period - Shot by Michael Bunting.
18:38 of 1st period - Deflect By Mark Stone.
18:38 of 1st period - Stopped by Robin Lehner with a rebound.
19:09 of 1st period - Mike Hoffman is hit by Justin Faulk.
19:16 of 1st period - Icing by Justin Faulk.
19:17 of 1st period - Nate Thompson wins face-off versus Ryan Strome in Senators zone.
19:17 of 1st period - Nate Thompson is hit by Justin Faulk.
19:27 of 1st period - Shot by Jonathan Toews.
19:27 of 1st period - Stopped by Anton Forsberg without a rebound.
19:28 of 1st period - Evgeni Malkin wins face-off versus Brandon Sutter in Senators zone.
Goals for this period are 0 for Devils vs 1 for Senators.
Shots for this period are 9 for Devils vs 9 for Senators.
2nd period
0:01 of 2nd period - Brandon Sutter wins face-off versus Ryan Strome in neutral zone.
0:03 of 2nd period - Chris Tanev is hit by Ryan Strome and loses puck.
0:22 of 2nd period - Shot by Ryan Strome.
0:22 of 2nd period - Stopped by Robin Lehner without a rebound.
0:23 of 2nd period - Evgeni Malkin wins face-off versus William Karlsson in Devils zone.
0:24 of 2nd period - Shot by Gustav Nyquist.
0:24 of 2nd period - Stopped by Robin Lehner without a rebound.
0:25 of 2nd period - William Karlsson wins face-off versus Evgeni Malkin in Devils zone.
1:09 of 2nd period - Off-side.
1:10 of 2nd period - Brandon Sutter wins face-off versus Ryan Strome in neutral zone.
1:10 of 2nd period - Brandon Sutter is hit by Michael Bunting.
1:11 of 2nd period - Brandon Sutter from Devils is injured at 1:11 of 2nd period (Bruised Left Leg).
1:12 of 2nd period - Nate Thompson wins face-off versus Michael Bunting in neutral zone.
2:31 of 2nd period - Shot by Nick Ritchie.
2:31 of 2nd period - Shot Misses the Net.
2:45 of 2nd period - Shot by Gustav Nyquist.
2:45 of 2nd period - Shot Blocked by William Karlsson.
3:09 of 2nd period - Shot by Timo Meier.
3:09 of 2nd period - Stopped by Anton Forsberg without a rebound.
3:10 of 2nd period - Jonathan Toews wins face-off versus J.T. Compher in Senators zone.
3:13 of 2nd period - Shot by Nate Thompson.
3:13 of 2nd period - Stopped by Anton Forsberg without a rebound.
3:14 of 2nd period - J.T. Compher wins face-off versus Timo Meier in Senators zone.
3:25 of 2nd period - Shot by Kirby Dach.
3:25 of 2nd period - Shot Misses the Net.
3:41 of 2nd period - Shot by Oskar Lindblom.
3:41 of 2nd period - Stopped by Robin Lehner without a rebound.
3:42 of 2nd period - Jonathan Toews wins face-off versus Devin Shore in Devils zone.
3:46 of 2nd period - Off-side.
3:47 of 2nd period - Ryan Strome wins face-off versus Jonathan Toews in neutral zone.
3:52 of 2nd period - Shot by Jonathan Toews.
3:52 of 2nd period - Shot Misses the Net.
3:56 of 2nd period - Shot by Jonathan Toews.
3:56 of 2nd period - Shot Misses the Net.
3:58 of 2nd period - Shot by Nate Thompson.
3:58 of 2nd period - Stopped by Anton Forsberg without a rebound.
3:59 of 2nd period - Timo Meier wins face-off versus J.T. Compher in Senators zone.
4:02 of 2nd period - Shot by Kirby Dach.
4:02 of 2nd period - Stopped by Anton Forsberg without a rebound.
4:03 of 2nd period - Jonathan Toews wins face-off versus Michael Bunting in Senators zone.
4:07 of 2nd period - Icing by Calvin de Haan.
4:08 of 2nd period - Ryan Strome wins face-off versus Jonathan Toews in Senators zone.
4:25 of 2nd period - Shot by Patric Hornqvist.
4:25 of 2nd period - Shot Misses the Net.
5:17 of 2nd period - Shot by J.T. Compher.
5:17 of 2nd period - Shot Blocked by Chris Tanev.
5:35 of 2nd period - Shot by Stefan Noesen.
5:35 of 2nd period - Stopped by Robin Lehner without a rebound.
5:36 of 2nd period - Mark Kastelic wins face-off versus Evgeni Malkin in Devils zone.
6:23 of 2nd period - Icing by Patrik Nemeth.
6:24 of 2nd period - Jonathan Toews wins face-off versus Evgeni Malkin in Senators zone.
6:57 of 2nd period - Shot by J.T. Compher.
6:57 of 2nd period - Shot Misses the Net.
6:59 of 2nd period - Shot by J.T. Compher.
6:59 of 2nd period - Shot Misses the Net.
7:43 of 2nd period - Shot by Michael Bunting.
7:43 of 2nd period - Shot Blocked by Adam Larsson.
7:49 of 2nd period - Shot by Ryan Strome.
7:49 of 2nd period - Stopped by Robin Lehner without a rebound.
7:50 of 2nd period - William Karlsson wins face-off versus Devin Shore in Devils zone.
8:22 of 2nd period - Icing by Christian Wolanin.
8:23 of 2nd period - Devin Shore wins face-off versus Mark Kastelic in Senators zone.
8:23 of 2nd period - Devin Shore is hit by Mark Kastelic.
8:26 of 2nd period - Nathan Bastian is hit by Mark Kastelic and loses puck.
8:27 of 2nd period - Minor Penalty to Mark Kastelic for High sticking.
8:28 of 2nd period - Evgeni Malkin wins face-off versus Jimmy Vesey in Devils zone.
8:57 of 2nd period - Shot by Brent Burns.
8:57 of 2nd period - Stopped by Robin Lehner without a rebound.
8:58 of 2nd period - Nate Thompson wins face-off versus Mark Stone in Devils zone.
9:21 of 2nd period - Shot by Ryan Strome.
9:21 of 2nd period - Shot Blocked by Mattias Ekholm.
10:34 of 2nd period - Andrew Peeke is hit by Timo Meier and loses puck.
10:45 of 2nd period - Icing by William Karlsson.
10:46 of 2nd period - J.T. Compher wins face-off versus William Karlsson in Devils zone.
10:53 of 2nd period - Shot by J.T. Compher.
10:53 of 2nd period - Shot Misses the Net.
10:55 of 2nd period - Shot by Andrew Peeke.
10:55 of 2nd period - Stopped by Robin Lehner without a rebound.
10:56 of 2nd period - Ryan Strome wins face-off versus Jonathan Toews in Devils zone.
11:46 of 2nd period - Shot by J.T. Compher.
11:46 of 2nd period - Stopped by Robin Lehner without a rebound.
11:47 of 2nd period - Timo Meier wins face-off versus Evgeni Malkin in Devils zone.
12:08 of 2nd period - Shot by Timo Meier.
12:08 of 2nd period - Shot Blocked by Andrew Peeke.
12:10 of 2nd period - Shot by Timo Meier.
12:10 of 2nd period - Stopped by Anton Forsberg without a rebound.
12:11 of 2nd period - Mark Kastelic wins face-off versus J.T. Compher in Senators zone.
12:50 of 2nd period - Off-side.
12:51 of 2nd period - William Karlsson wins face-off versus Evgeni Malkin in neutral zone.
13:00 of 2nd period - Shot by Brent Burns.
13:00 of 2nd period - Shot Misses the Net.
13:02 of 2nd period - Shot by Justin Faulk.
13:02 of 2nd period - Stopped by Robin Lehner without a rebound.
13:03 of 2nd period - Ryan Strome wins face-off versus Timo Meier in Devils zone.
13:04 of 2nd period - Shot by Michael Bunting.
13:04 of 2nd period - Stopped by Robin Lehner without a rebound.
13:05 of 2nd period - Evgeni Malkin wins face-off versus William Karlsson in Devils zone.
13:20 of 2nd period - Shot by Justin Faulk.
13:20 of 2nd period - Shot Misses the Net.
13:26 of 2nd period - Shot by Gustav Nyquist.
13:26 of 2nd period - Shot Misses the Net.
13:43 of 2nd period - Icing by Mattias Ekholm.
13:44 of 2nd period - William Karlsson wins face-off versus Ryan Strome in Devils zone.
13:44 of 2nd period - William Karlsson is hit by Michael Bunting.
13:54 of 2nd period - Shot by William Karlsson.
13:54 of 2nd period - Stopped by Anton Forsberg without a rebound.
13:55 of 2nd period - Nate Thompson wins face-off versus J.T. Compher in Senators zone.
14:21 of 2nd period - Shot by Stefan Noesen.
14:21 of 2nd period - Shot Misses the Net.
14:23 of 2nd period - Shot by Christian Wolanin.
14:23 of 2nd period - Stopped by Robin Lehner without a rebound.
14:24 of 2nd period - Ryan Strome wins face-off versus Jimmy Vesey in Devils zone.
15:19 of 2nd period - Shot by William Karlsson.
15:19 of 2nd period - Goal by William Karlsson - Devils : 1 - Senators : 1.
15:20 of 2nd period - Timo Meier wins face-off versus Evgeni Malkin in neutral zone.
15:30 of 2nd period - Shot by Gustav Nyquist.
15:30 of 2nd period - Stopped by Robin Lehner without a rebound.
15:31 of 2nd period - J.T. Compher wins face-off versus Jonathan Toews in Devils zone.
15:36 of 2nd period - Shot by Oskar Lindblom.
15:36 of 2nd period - Shot Misses the Net.
15:38 of 2nd period - Shot by Oskar Lindblom.
15:38 of 2nd period - Goal by Oskar Lindblom - Devils : 1 - Senators : 2.
15:39 of 2nd period - Evgeni Malkin wins face-off versus Timo Meier in neutral zone.
15:43 of 2nd period - Off-side.
15:44 of 2nd period - Anthony Beauvillier wins face-off versus Timo Meier in neutral zone.
16:04 of 2nd period - Shot by Matt Boldy.
16:04 of 2nd period - Stopped by Anton Forsberg without a rebound.
16:05 of 2nd period - Jonathan Toews wins face-off versus Ryan Strome in Senators zone.
16:40 of 2nd period - Shot by Patric Hornqvist.
16:40 of 2nd period - Shot Misses the Net.
16:45 of 2nd period - Brent Burns is hit by Mark Friedman and loses puck.
16:58 of 2nd period - Shot by Evgeni Malkin.
16:58 of 2nd period - Stopped by Robin Lehner without a rebound.
16:59 of 2nd period - William Karlsson wins face-off versus Gustav Nyquist in Devils zone.
17:12 of 2nd period - Shot by Timo Meier.
17:12 of 2nd period - Stopped by Anton Forsberg without a rebound.
17:13 of 2nd period - Timo Meier wins face-off versus J.T. Compher in Senators zone.
17:18 of 2nd period - Shot by Timo Meier.
17:18 of 2nd period - Shot Blocked by Christian Wolanin.
17:41 of 2nd period - Shot by Matt Boldy.
17:41 of 2nd period - Shot Misses the Net.
18:07 of 2nd period - Jimmy Vesey is hit by Calvin de Haan and loses puck.
18:10 of 2nd period - Shot by Jimmy Vesey.
18:10 of 2nd period - Stopped by Anton Forsberg without a rebound.
18:11 of 2nd period - Evgeni Malkin wins face-off versus Jonathan Toews in Senators zone.
18:11 of 2nd period - Anthony Beauvillier is hit by Nate Thompson and loses puck.
18:26 of 2nd period - Off-side.
18:27 of 2nd period - Ryan Strome wins face-off versus Jimmy Vesey in neutral zone.
18:27 of 2nd period - Brent Burns is hit by Mark Kastelic and loses puck.
18:50 of 2nd period - Shot by Ryan Strome.
18:50 of 2nd period - Stopped by Robin Lehner without a rebound.
18:51 of 2nd period - William Karlsson wins face-off versus Evgeni Malkin in Devils zone.
18:53 of 2nd period - Timo Meier is hit by Evgeni Malkin and loses puck.
19:10 of 2nd period - Shot by Evgeni Malkin.
19:10 of 2nd period - Shot Misses the Net.
19:16 of 2nd period - Shot by Mike Hoffman.
19:16 of 2nd period - Deflect By William Karlsson.
19:16 of 2nd period - Shot Misses the Net.
19:18 of 2nd period - Shot by William Karlsson.
19:18 of 2nd period - Stopped by Anton Forsberg without a rebound.
19:19 of 2nd period - Ryan Strome wins face-off versus Timo Meier in Senators zone.
19:44 of 2nd period - Shot by Mark Stone.
19:44 of 2nd period - Shot Blocked by Timo Meier.
19:52 of 2nd period - Shot by Justin Faulk.
19:52 of 2nd period - Shot Misses the Net.
Goals for this period are 1 for Devils vs 1 for Senators.
Shots for this period are 11 for Devils vs 15 for Senators.
3rd period
0:01 of 3rd period - William Karlsson wins face-off versus Evgeni Malkin in neutral zone.
0:19 of 3rd period - Icing by Calvin de Haan.
0:20 of 3rd period - Timo Meier wins face-off versus Evgeni Malkin in Senators zone.
0:22 of 3rd period - Minor Penalty to Calvin de Haan for High sticking.
0:23 of 3rd period - Jonathan Toews wins face-off versus Ryan Strome in Senators zone.
0:24 of 3rd period - Shot by Chris Tanev.
0:24 of 3rd period - Stopped by Anton Forsberg without a rebound.
0:25 of 3rd period - J.T. Compher wins face-off versus William Karlsson in Senators zone.
0:44 of 3rd period - Chris Tanev is hit by Ryan Strome and loses puck.
0:51 of 3rd period - Shot by Chris Tanev.
0:51 of 3rd period - Shot Blocked by Patrik Nemeth.
0:53 of 3rd period - Shot by Chris Tanev.
0:53 of 3rd period - Shot Misses the Net.
0:55 of 3rd period - Shot by Mattias Ekholm.
0:55 of 3rd period - Stopped by Anton Forsberg without a rebound.
0:56 of 3rd period - J.T. Compher wins face-off versus Jonathan Toews in Senators zone.
1:49 of 3rd period - Shot by William Karlsson.
1:49 of 3rd period - Goal by William Karlsson - Devils : 2 - Senators : 2.
1:50 of 3rd period - Devin Shore wins face-off versus Timo Meier in neutral zone.
2:11 of 3rd period - Shot by Kirby Dach.
2:11 of 3rd period - Shot Misses the Net.
2:13 of 3rd period - Shot by Mark Friedman.
2:13 of 3rd period - Shot Misses the Net.
2:15 of 3rd period - Shot by Timo Meier.
2:15 of 3rd period - Shot Misses the Net.
2:17 of 3rd period - Shot by Matt Boldy.
2:17 of 3rd period - Stopped by Anton Forsberg without a rebound.
2:18 of 3rd period - Evgeni Malkin wins face-off versus Mark Kastelic in Senators zone.
2:24 of 3rd period - Shot by Justin Faulk.
2:24 of 3rd period - Stopped by Robin Lehner without a rebound.
2:25 of 3rd period - Jonathan Toews wins face-off versus Gustav Nyquist in Devils zone.
2:25 of 3rd period - Jonathan Toews is hit by Gustav Nyquist.
3:25 of 3rd period - Shot by Oskar Lindblom.
3:25 of 3rd period - Stopped by Robin Lehner with a rebound.
3:27 of 3rd period - Shot by Oskar Lindblom.
3:27 of 3rd period - Stopped by Robin Lehner with a rebound.
3:29 of 3rd period - Shot by J.T. Compher.
3:29 of 3rd period - Goal by J.T. Compher - Devils : 2 - Senators : 3.
3:30 of 3rd period - Ryan Strome wins face-off versus Timo Meier in neutral zone.
3:30 of 3rd period - Ryan Strome is hit by Timo Meier.
3:31 of 3rd period - Minor Penalty to Timo Meier for Hooking.
3:32 of 3rd period - Ryan Strome wins face-off versus Matt Boldy in Devils zone.
3:33 of 3rd period - Shot by Justin Faulk.
3:33 of 3rd period - Shot Misses the Net.
3:35 of 3rd period - Shot by Brent Burns.
3:35 of 3rd period - Shot Misses the Net.
3:45 of 3rd period - Shot by Ryan Strome.
3:45 of 3rd period - Stopped by Robin Lehner with a rebound.
4:05 of 3rd period - Shot by Michael Bunting.
4:05 of 3rd period - Stopped by Robin Lehner without a rebound.
4:06 of 3rd period - Nate Thompson wins face-off versus Evgeni Malkin in Devils zone.
4:06 of 3rd period - Nate Thompson is hit by Gustav Nyquist.
4:13 of 3rd period - Icing by Christian Wolanin.
4:14 of 3rd period - Anthony Beauvillier wins face-off versus Matt Boldy in Senators zone.
4:19 of 3rd period - Adam Larsson is hit by Gustav Nyquist and loses puck.
4:24 of 3rd period - Shot by Evgeni Malkin.
4:24 of 3rd period - Shot Blocked by Niko Mikkola.
4:26 of 3rd period - Shot by J.T. Compher.
4:26 of 3rd period - Stopped by Robin Lehner without a rebound.
4:27 of 3rd period - Ryan Strome wins face-off versus Matt Boldy in Devils zone.
4:32 of 3rd period - Shot by Mark Stone.
4:32 of 3rd period - Shot Misses the Net.
4:34 of 3rd period - Shot by Mark Stone.
4:34 of 3rd period - Shot Misses the Net.
4:36 of 3rd period - Shot by Brent Burns.
4:36 of 3rd period - Shot Misses the Net.
4:38 of 3rd period - Shot by Brent Burns.
4:38 of 3rd period - Shot Misses the Net.
4:40 of 3rd period - Shot by Mark Stone.
4:40 of 3rd period - Shot Misses the Net.
4:42 of 3rd period - Shot by Michael Bunting.
4:42 of 3rd period - Shot Blocked by Mattias Ekholm.
4:44 of 3rd period - Shot by Mark Stone.
4:44 of 3rd period - Shot Blocked by Chris Tanev.
4:46 of 3rd period - Shot by Brent Burns.
4:46 of 3rd period - Shot Misses the Net.
4:48 of 3rd period - Shot by Justin Faulk.
4:48 of 3rd period - Deflect By Ryan Strome.
4:48 of 3rd period - Shot Misses the Net.
4:50 of 3rd period - Shot by Michael Bunting.
4:50 of 3rd period - Shot Misses the Net.
5:00 of 3rd period - Shot by Ryan Strome.
5:00 of 3rd period - Deflect By Mark Stone.
5:00 of 3rd period - Stopped by Robin Lehner with a rebound.
5:26 of 3rd period - Shot by Christian Wolanin.
5:26 of 3rd period - Shot Misses the Net.
5:28 of 3rd period - Shot by J.T. Compher.
5:28 of 3rd period - Stopped by Robin Lehner without a rebound.
5:29 of 3rd period - Jonathan Toews wins face-off versus Evgeni Malkin in Devils zone.
6:31 of 3rd period - Shot by Nate Thompson.
6:31 of 3rd period - Shot Blocked by Patrik Nemeth.
6:33 of 3rd period - Shot by Adam Larsson.
6:33 of 3rd period - Stopped by Anton Forsberg without a rebound.
6:34 of 3rd period - Mark Stone wins face-off versus Nate Thompson in Senators zone.
6:43 of 3rd period - Shot by Mark Stone.
6:43 of 3rd period - Stopped by Robin Lehner with a rebound.
6:45 of 3rd period - Shot by Ryan Strome.
6:45 of 3rd period - Shot Misses the Net.
6:47 of 3rd period - Shot by Brent Burns.
6:47 of 3rd period - Deflect By Ryan Strome.
6:47 of 3rd period - Shot Misses the Net.
7:06 of 3rd period - Shot by Ryan Strome.
7:06 of 3rd period - Shot Misses the Net.
7:28 of 3rd period - Kirby Dach is hit by Justin Faulk and loses puck.
7:50 of 3rd period - Shot by Oskar Lindblom.
7:50 of 3rd period - Shot Blocked by Chris Tanev.
7:52 of 3rd period - Shot by Christian Wolanin.
7:52 of 3rd period - Stopped by Robin Lehner without a rebound.
7:53 of 3rd period - Evgeni Malkin wins face-off versus William Karlsson in Devils zone.
7:58 of 3rd period - Shot by Gustav Nyquist.
7:58 of 3rd period - Shot Misses the Net.
8:10 of 3rd period - Shot by William Karlsson.
8:10 of 3rd period - Stopped by Anton Forsberg without a rebound.
8:11 of 3rd period - J.T. Compher wins face-off versus William Karlsson in Senators zone.
8:13 of 3rd period - Christian Wolanin is hit by Timo Meier.
8:20 of 3rd period - Off-side.
8:21 of 3rd period - William Karlsson wins face-off versus Evgeni Malkin in neutral zone.
8:35 of 3rd period - Icing by Andrew Peeke.
8:36 of 3rd period - Timo Meier wins face-off versus Evgeni Malkin in Senators zone.
9:34 of 3rd period - Shot by Jimmy Vesey.
9:34 of 3rd period - Stopped by Anton Forsberg without a rebound.
9:35 of 3rd period - J.T. Compher wins face-off versus Jonathan Toews in Senators zone.
9:42 of 3rd period - Shot by Jonathan Toews.
9:42 of 3rd period - Shot Misses the Net.
9:45 of 3rd period - Icing by J.T. Compher.
9:46 of 3rd period - William Karlsson wins face-off versus J.T. Compher in Senators zone.
9:52 of 3rd period - Double Minor Penalty to Justin Faulk for Roughing.
9:52 of 3rd period - Minor Penalty to Timo Meier for Tripping.
9:53 of 3rd period - Ryan Strome wins face-off versus Matt Boldy in Senators zone.
9:53 of 3rd period - Ryan Strome is hit by William Karlsson.
10:07 of 3rd period - Shot by Ryan Strome.
10:07 of 3rd period - Goal by Ryan Strome - Devils : 2 - Senators : 4.
10:08 of 3rd period - Ryan Strome wins face-off versus Matt Boldy in neutral zone.
10:37 of 3rd period - Shot by William Karlsson.
10:37 of 3rd period - Shot Misses the Net.
11:07 of 3rd period - Icing by Brent Burns.
11:08 of 3rd period - Nate Thompson wins face-off versus Evgeni Malkin in Senators zone.
11:33 of 3rd period - Shot by Nate Thompson.
11:33 of 3rd period - Shot Misses the Net.
12:05 of 3rd period - Off-side.
12:06 of 3rd period - William Karlsson wins face-off versus Ryan Strome in neutral zone.
12:25 of 3rd period - Shot by Adam Larsson.
12:25 of 3rd period - Shot Misses the Net.
12:27 of 3rd period - Shot by William Karlsson.
12:27 of 3rd period - Shot Misses the Net.
13:01 of 3rd period - Shot by Jonathan Toews.
13:01 of 3rd period - Stopped by Anton Forsberg without a rebound.
13:02 of 3rd period - Jonathan Toews wins face-off versus Ryan Strome in Senators zone.
13:25 of 3rd period - Shot by Patric Hornqvist.
13:25 of 3rd period - Stopped by Anton Forsberg without a rebound.
13:26 of 3rd period - William Karlsson wins face-off versus J.T. Compher in Senators zone.
13:29 of 3rd period - Shot by Adam Larsson.
13:29 of 3rd period - Stopped by Anton Forsberg without a rebound.
13:30 of 3rd period - William Karlsson wins face-off versus J.T. Compher in Senators zone.
13:33 of 3rd period - Shot by Mike Hoffman.
13:33 of 3rd period - Stopped by Anton Forsberg without a rebound.
13:34 of 3rd period - J.T. Compher wins face-off versus William Karlsson in Senators zone.
13:53 of 3rd period - Timo Meier is hit by Justin Faulk.
13:56 of 3rd period - Kirby Dach is hit by Justin Faulk and loses puck.
14:17 of 3rd period - Shot by Matt Boldy.
14:17 of 3rd period - Shot Misses the Net.
14:19 of 3rd period - Shot by Timo Meier.
14:19 of 3rd period - Stopped by Anton Forsberg without a rebound.
14:20 of 3rd period - Ryan Strome wins face-off versus Jonathan Toews in Senators zone.
14:28 of 3rd period - Icing by Calvin de Haan.
14:29 of 3rd period - Mark Kastelic wins face-off versus Ryan Strome in Senators zone.
15:22 of 3rd period - Brent Burns is hit by Mark Kastelic and loses puck.
15:41 of 3rd period - Shot by Mike Hoffman.
15:41 of 3rd period - Stopped by Anton Forsberg without a rebound.
15:42 of 3rd period - Evgeni Malkin wins face-off versus Timo Meier in Senators zone.
15:54 of 3rd period - Shot by Kirby Dach.
15:54 of 3rd period - Shot Misses the Net.
15:57 of 3rd period - Kirby Dach is hit by Patrik Nemeth.
16:01 of 3rd period - Shot by Timo Meier.
16:01 of 3rd period - Shot Misses the Net.
16:58 of 3rd period - Off-side.
16:59 of 3rd period - Ryan Strome wins face-off versus William Karlsson in neutral zone.
17:07 of 3rd period - William Karlsson is hit by Michael Bunting and loses puck.
17:41 of 3rd period - Minor Penalty to Timo Meier for High sticking.
17:42 of 3rd period - Matt Boldy wins face-off versus Evgeni Malkin in Devils zone.
18:43 of 3rd period - Shot by Ryan Strome.
18:43 of 3rd period - Stopped by Robin Lehner without a rebound.
18:44 of 3rd period - Matt Boldy wins face-off versus Ryan Strome in Devils zone.
19:29 of 3rd period - Shot by Brent Burns.
19:29 of 3rd period - Stopped by Robin Lehner without a rebound.
19:30 of 3rd period - Evgeni Malkin wins face-off versus Matt Boldy in Devils zone.
19:49 of 3rd period - Shot by Nathan Bastian.
19:49 of 3rd period - Stopped by Robin Lehner with a rebound.
Goals for this period are 1 for Devils vs 2 for Senators.
Shots for this period are 13 for Devils vs 15 for Senators.